 Dungeon Crawl Stone Soup version 0.25-a0-589-g1e14c54 (webtiles) character file.

Game seed: 11399381943037529370, levelgen mode: deterministic

303 BlueFish the Covered (level 6, -1/55 HPs)
             Began as a Minotaur Fighter on Mar 12, 2020.
             Slain by a slave (3 damage)
             ... led by Pikel
             ... on level 4 of the Dungeon.
             The game lasted 00:03:02 (2395 turns).

BlueFish the Covered (Minotaur Fighter)             Turns: 2395, Time: 00:03:02

Health: -1/55      AC: 12    Str: 21    XL:     6   Next: 15%
Magic:  5/5        EV:  6    Int:  5    God:
Gold:   151        SH:  4    Dex: 11    Spells: 5/5 levels left

rFire    . . .     SeeInvis .   a - +0 long sword
rCold    . . .     Gourm    .   (no shield)
rNeg     . . .     Faith    .   i - +0 plate armour (curse)
rPois    .         Spirit   .   (helmet restricted)
rElec    .         Reflect  +   (no cloak)
rCorr    .         Harm     .   (no gloves)
MR       .....                  (no boots)
Stlth    ..........             h - +4 amulet of reflection
HPRegen  0.18/turn              (no ring)
MPRegen  0.09/turn              (no ring)

@: mighty
A: retaliatory headbutt, horns 2
a: no special abilities


You were on level 4 of the Dungeon.
You were not hungry.

You visited 1 branch of the dungeon, and saw 4 of its levels.

You collected 151 gold pieces.

Inventory:

Hand Weapons
 a - a +0 long sword (weapon)
 b - a +7 dagger of protection
Armour
 c - a +0 kite shield
 i - a cursed +0 plate armour (worn)
 j - a +2 kite shield
Jewellery
 h - a +4 amulet of reflection (around neck)
Scrolls
 g - a scroll of teleportation
 n - a scroll of enchant weapon {unknown}
 o - a scroll of magic mapping {unknown}
 p - a scroll of fear {unknown}
Potions
 e - 4 potions of curing {unknown}
 k - 2 potions of heal wounds {unknown}
 l - 2 potions of flight {unknown}
 m - 2 potions of brilliance {unknown}
Comestibles
 f - 7 rations
 q - 4 chunks of flesh


   Skills:
 * Level 4.9 Fighting
 * Level 5.4 Long Blades
 * Level 5.6 Armour
 + Level 0.3 Dodging
 + Level 3.8 Shields


You had 5 spell levels left.
You didn't know any spells.
Your spell library was empty.

Dungeon Overview and Level Annotations

Branches:
Dungeon (4/15)
 Temple: D:4-7

Altars:
The Shining One

Annotations:
D:4 Edmund, Ijyb, Pikel


Innate Abilities, Weirdness & Mutations

You reflexively headbutt those who attack you in melee.
You have a pair of horns on your head.


Message History

You block the slave's attack. Pikel hits you but does no damage.
You block the slave's attack.
You closely miss Pikel. Your headbutt misses Pikel.
Pikel is heavily wounded.
The sky beast hits you but does no damage.
The slave hits you but does no damage. Pikel barely misses you.
The slave hits you.
* * * LOW HITPOINT WARNING * * *
You feel very mighty all of a sudden. The sky beast hits you.
* * * LOW HITPOINT WARNING * * *
The sky beast shocks you.
* * * LOW HITPOINT WARNING * * *
The slave hits you but does no damage. Pikel hits you but does no damage.
The slave hits you but does no damage.
You hit Pikel but do no damage. You headbutt Pikel!
Pikel is almost dead.
The sky beast hits you but does no damage.
The slave hits you.
You die...

### ...
#.# #l#
#.####Y#
#...gp@#
#####pK#
#hp#
#.p#
#..#
#..#
#..#
#..#


You could see Pikel, a sky beast, 4 slaves, Ijyb, a hound and a leopard gecko.

Vanquished Creatures
  A bullfrog (D:3)
  The ghost of robertstho the Skirmisher, a weakling DsAK of Lugonu (D:3)
  Jessica (D:3)
  8 gnolls
  A worker ant zombie (D:3)
  An adder skeleton (D:2)
  5 worms
  A dart slug (D:2)
  3 leopard geckos
  An orc (D:3)
  9 bats
  A giant cockroach (D:2)
  4 goblins
  7 hobgoblins
  8 jackals
  A quokka (D:2)
  5 frilled lizards
  6 kobolds
  2 rats
66 creatures vanquished.

Notes
Turn   | Place    | Note
-------+----------+-------------------------------------------
     0 | D:1      | BlueFish the Minotaur Fighter began the quest for the Orb.
     0 | D:1      | Reached XP level 1. HP: 19/19 MP: 0/0
   319 | D:1      | Reached XP level 2. HP: 26/27 MP: 1/1
   824 | D:2      | Reached XP level 3. HP: 33/33 MP: 2/2
   927 | D:2      | Reached XP level 4. HP: 41/41 MP: 3/3
  1505 | D:3      | Found a runed translucent door.
  1505 | D:3      | Noticed robertstho's ghost (weakling DsAK)
  1505 | D:3      | Noticed a bullfrog
  1519 | D:3      | Found a runed translucent door.
  1598 | D:3      | Reached XP level 5. HP: 25/47 MP: 4/4
  1858 | D:3      | Found a glowing golden altar of the Shining One.
  1902 | D:3      | Noticed Jessica
  1919 | D:3      | Killed Jessica
  1919 | D:3      | Reached skill level 5 in Armour
  2263 | D:3      | Reached skill level 5 in Long Blades
  2279 | D:3      | Killed robertstho's ghost
  2279 | D:3      | Reached XP level 6. HP: 39/55 MP: 5/5
  2370 | D:4      | Noticed Edmund
  2381 | D:4      | Noticed Pikel
  2381 | D:4      | Noticed a slave
  2381 | D:4      | Noticed a slave
  2381 | D:4      | Noticed a slave
  2381 | D:4      | Noticed a slave
  2381 | D:4      | Noticed a sky beast
  2383 | D:4      | Noticed Ijyb
  2394 | D:4      | HP: 1/55 [sky beast (6)]
  2395 | D:4      | Slain by a slave

Levels and vault maps discovered:
D:1:      dpeg_arrival_pits, layout_basic, serial_bayou_pond_e,
          minmay_misc_feat_ornament
D:2:      layout_basic, minmay_tetromino_i2
D:3:      layout_rooms, ebering_ghost_sewer_f, nicolae_tso_swordbearing_angel,
          uniq_jessica
D:4:      layout_loops_ring, kennysheep_mini, led_sif_book,
          portal_sewer_entry_e, fedhas_bush_and_centaur_altar, uniq_ijyb,
          uniq_edmund, uniq_pikel

Skill      XL: |  1  2  3  4  5 |
---------------+----------------+-----
Fighting       | 4 |  4.9
Armour         | 4 5 |  5.6
Long Blades    | 3 4 5 |  5.4
Dodging        | |  0.3
Shields        | |  3.8

Action                   |  1- 3 |  4- 6 || total
-------------------------+-------+-------++-------
Melee: Long sword        |    71 |   129 ||   200
       Headbutt          |    11 |    26 ||    37
  Use: Scroll            |     2 |     2 ||     4
       Potion            |       |     1 ||     1
  Eat: Chunk             |       |     5 ||     5
Armor: Scale mail        |    18 |       ||    18
       Plate armour      |    31 |   136 ||   167
Dodge: Dodged            |    35 |    47 ||    82
Block: Other             |       |    29 ||    29
       Rpst.: Long sword |     8 |    15 ||    23

Table legend:
 A = Non-vault XP
 B = Vault XP
 C = Vault XP percentage of total XP
 D = Non-vault monster count
 E = Vault monster count
 F = Vault count percentage of total count
                 A         B        C        D         E       F
            +---------+---------+-------+---------+---------+-------
      Total |     234 |     200 |  46.1 |      59 |       7 |  10.6
            +---------+---------+-------+---------+---------+-------
        D:1 |      20 |       0 |   0.0 |      14 |       0 |   0.0
        D:2 |     125 |       4 |   3.1 |      31 |       2 |   6.1
        D:3 |      89 |     196 |  68.8 |      14 |       5 |  26.3
            +---------+---------+-------+---------+---------+-------
